 Dungeon Crawl Stone Soup version 0.25-a0-578-gc91f01c39c (webtiles) character file.

Game seed: 15599698751625654972, levelgen mode: deterministic

23 Flugslaktarn the Covered (level 2, 0/27 HPs)
             Began as a Deep Dwarf Fighter on Mar 3, 2020.
             Killed from afar by a dart slug (1 damage)
             ... with a slug dart
             ... on level 3 of the Dungeon.
             The game lasted 00:00:13 (207 turns).

Flugslaktarn the Covered (Deep Dwarf Fighter)        Turns: 207, Time: 00:00:13

Health: 0/27       AC:  6    Str: 19    XL:     2   Next: 75%
Magic:  2/2        EV:  7    Int:  8    God:
Gold:   0          SH:  9    Dex: 12    Spells: 1/1 levels left

rFire    . . .     SeeInvis .   a - +0 war axe
rCold    . . .     Gourm    .   c - +0 kite shield
rNeg     . . .     Faith    .   b - +0 scale mail
rPois    .         Spirit   .   (no helmet)
rElec    .         Reflect  .   (no cloak)
rCorr    .         Harm     .   (no gloves)
MR       .....                  (no boots)
Stlth    ..........             (no amulet)
HPRegen  0.00/turn              (no ring)
MPRegen  0.08/turn              (no ring)

@: non-regenerating, slowed, very slow
A: damage resistance, heal wounds, sense surroundings 1, no regeneration
a: Heal Wounds


You were on level 3 of the Dungeon.
You were not hungry.

You visited 1 branch of the dungeon, and saw 3 of its levels.

Inventory:

Hand Weapons
 a - a +0 war axe (weapon)
Missiles
 h - 2 throwing nets (quivered)
Armour
 b - a +0 scale mail (worn)
 c - a +0 kite shield (worn)
Scrolls
 g - a scroll of amnesia {unknown}
Potions
 d - a potion of might
 i - a potion of stabbing {unknown}
 j - a potion of ambrosia {unknown}
Comestibles
 e - a ration
 f - 4 chunks of flesh


   Skills:
 + Level 2.9 Fighting
 * Level 2.9 Axes
 + Level 3.5 Armour
 + Level 3.5 Shields


You had one spell level left.
You didn't know any spells.
Your spell library was empty.

Dungeon Overview and Level Annotations

Branches:
Dungeon (3/15)

Altars:

Annotations:
D:3 Natasha


Innate Abilities, Weirdness & Mutations

You are resistant to damage.
You can heal yourself by infusing magical energy.
You passively map a small area around you.
You do not regenerate.


Message History

You fail to use your ability.
The giant cockroach bites you but does no damage.
The quokka bites you.
* * * LOW HITPOINT WARNING * * *
The dart slug bites you. The shadow imp hits you.
* * * LOW HITPOINT WARNING * * *
Natasha stares at you and mumbles some strange words.
You resist with some effort.
You are too injured to fight recklessly!
You fail to use your ability.
The giant cockroach bites you. The quokka bites you.
* * * LOW HITPOINT WARNING * * *
You block the giant cockroach's attack. The shadow imp barely misses you.
Natasha casts a spell at you.
You feel yourself slow down.
You fail to use your ability.
You block the quokka's attack.
The giant cockroach bites you but does no damage.
The dart slug launches a dart at you. The slug dart hits you.
You die...

≈ * .##...# ≈,
......# *... ≈,
* ,
...?.###.... ,
, #
#........... *
,
#.##...........
,
#....b..#.#....
#.wrs....... ,
#@h....#** **
*#.5....#
#......# > *
#.((#### *
###.##
####..##### *
#.........#
#.........#
#.........#


You could see Natasha, a shadow imp, a dart slug, a quokka, a giant cockroach
and a bat.

Vanquished Creatures
  A dart slug (D:1)
  A leopard gecko (D:1)
  2 hobgoblins
  4 jackals (D:1)
  A quokka (D:3)
  3 bats
  A frilled lizard (D:1)
  4 kobolds
  3 rats (D:1)
20 creatures vanquished.

Notes
Turn   | Place    | Note
-------+----------+-------------------------------------------
     0 | D:1      | Flugslaktarn the Deep Dwarf Fighter began the quest for the
                  | Orb.
     0 | D:1      | Reached XP level 1. HP: 20/20 MP: 1/1
    47 | D:1      | Reached XP level 2. HP: 22/27 MP: 2/2
   193 | D:3      | Noticed Natasha
   206 | D:3      | HP: 1/27 [quokka (2)]
   207 | D:3      | Killed from afar by a dart slug

Levels and vault maps discovered:
D:1:      scummos_arrival_hexagon, layout_basic, kennysheep_doodads
D:2:      layout_basic, kennysheep_another_room
D:3:      layout_rooms, lemuel_old_faithful, uniq_natasha

Action                   || total
-------------------------++-------
Melee: War axe           ||    35
Armor: Scale mail        ||    61
Dodge: Dodged            ||    38
Block: Kite shield       ||    53

Table legend:
 A = Non-vault XP
 B = Vault XP
 C = Vault XP percentage of total XP
 D = Non-vault monster count
 E = Vault monster count
 F = Vault count percentage of total count
                 A         B        C        D         E       F
            +---------+---------+-------+---------+---------+-------
      Total |      34 |       0 |   0.0 |      20 |       0 |   0.0
            +---------+---------+-------+---------+---------+-------
        D:1 |      27 |       0 |   0.0 |      16 |       0 |   0.0
        D:3 |       7 |       0 |   0.0 |       4 |       0 |   0.0
            +---------+---------+-------+---------+---------+-------
